AoeStats
← kV0t3

Arabia

507049876Analyzed
1v1 RM · 17d ago on Sep 16, 2026· 28m 8s· 2 players
Game mode
Random Map
Map size
Tiny (2 player)
Population
200
Speed
Normal
Resources
Standard
Victory
Conquest
Starting age
Dark Age
Ending age
Imperial Age
RankedLock teamsTeams togetherTeam positionsShared explorationLock speedFull tech treeHidden civsTurbo modeCheats
Victory
Defeat
🇦🇷 Maya · Argentina
1197
+17
🇻🇳 Spanish · Vietnam
1219
-17
kV0t3
0:26 Loom
9:40 Feudal Age
10:10 Man-at-Arms
16:14 Double-Bit Axe
23:25 Castle Age
21:43 Gold Mining
21:48 Horse Collar
24:22 Bow Saw
23:41 Long Swordsman
25:07 Scale Mail Armor
26:06 Forging
26:43 Chain Mail Armor
AnhGiaiSayXe
5:20 Loom
9:18 Feudal Age
9:49 Double-Bit Axe
24:27 Castle Age
22:37 Fletching
22:57 Horse Collar
23:32 Padded Archer Armor
25:14 Bodkin Arrow
Connection lost

Rejoining the realm…

Still unreachable

The connection could not be restored.

Session expired

The server has moved on; the page needs a fresh start.